Map: Ulrena

Players

Raycon

  • Race: Zerg Zerg
  • League: Diamond

LindyHop - Winner!

  • Race: Zerg Zerg
  • League: Platinum

VOD

Have the link to the VOD?

Description

Time

  • Played on: Jan. 13, 2016, 7:15 p.m.
  • Length: 8:29
Show
View Real Time Build Order
Export as new Build Order

Raycon Zerg 

Build Orders: Hatch First 

Get SALT Encoding   

  12  0:02  Drone  
  13  0:18  Overlord  
  13  0:19  Drone  
  14  0:36  Drone x2  
  16  0:45  Drone  
  17  0:57  Drone  
  18  1:04  Hatchery  
  18  1:10  Drone  
  18  1:19  Drone  
  18  1:23  Spawning Pool  
  18  1:26  Drone  
  19  1:38  Extractor  
  19  1:39  Drone  
  19  1:45  Overlord  
  19  2:11  Queen  
  21  2:22  Queen  
  23  2:25  Drone x4  
  27  2:33  Drone  
  28  2:42  Metabolic Boost  
  28  3:03  Drone  
  28  3:04  Drone x5  
  34  3:07  Baneling Nest  
  33  3:17  Overlord  
  33  3:18  Overlord  
  33  3:29  Zergling x6  
  36  3:52  Zergling x2  
  36  3:53  Zergling x18  
  46  4:16  Hatchery  
  45  4:22  Baneling x5  
  45  4:23  Baneling  
  45  4:26  Drone x5  
  45  4:27  Drone x2  
  52  4:32  Overlord  
  52  4:34  Lair  
  43  4:56  Zergling x22  
  54  5:06  Extractor  
  53  5:11  Overlord  
  53  5:12  Overlord  
  53  5:15  Zergling x2  
  53  5:19  Burrow  
  54  5:29  Overlord  
  54  5:30  Overlord  
  54  5:35  Overseer  
  54  5:39  Queen  
  54  5:41  Drone  
  54  5:42  Drone x7  
  64  5:54  Centrifical Hooks  
  64  5:59  Drone x2, Extractor x2  
  64  6:00  Drone x2  
  64  6:01  Drone x2  
  68  6:05  Zergling x10  
  73  6:18  Baneling  
  73  6:19  Zergling x4, Baneling x4  
  73  6:20  Zergling x4  
  76  6:26  Zergling x10  
  76  6:30  Baneling x2  
  81  6:37  Zergling x2  
  81  6:38  Zergling x2  
  81  6:39  Zergling x2  
  61  6:48  Zergling x6  
  61  6:53  Zergling x6  
  61  6:54  Zergling x6  
  39  7:09  Queen  
  39  7:10  Queen  
  41  7:18  Zergling x8  
  41  7:19  Zergling x8  
  42  7:29  Zergling x6  
  44  7:30  Zergling x8  
  44  7:32  Zergling x2  
  38  7:44  Zergling x2  
  38  7:45  Zergling x4  
  38  7:48  Baneling x4  
  38  7:49  Baneling x2  
  36  7:54  Zergling x4  
  36  7:55  Zergling x2  
Show
View Real Time Build Order
Export as new Build Order

LindyHop Zerg - Winner!

Build Orders: Hatch First 

Get SALT Encoding   

  12  0:03  Drone  
  13  0:14  Overlord  
  13  0:19  Drone  
  14  0:33  Drone x2  
  16  0:52  Hatchery  
  16  0:57  Drone  
  16  0:58  Drone  
  17  1:14  Spawning Pool  
  17  1:15  Drone  
  17  1:20  Drone  
  18  1:26  Drone  
  19  1:35  Overlord  
  19  1:42  Extractor  
  19  1:45  Drone  
  19  1:51  Drone  
  20  2:03  Queen  
  20  2:07  Queen  
  20  2:08  Zergling x4  
  26  2:16  Zergling x2  
  26  2:17  Roach Warren  
  26  2:19  Zergling x2  
  27  2:37  Spine Crawler  
  26  2:49  Drone x2  
  26  2:50  Drone x3  
  31  2:58  Queen  
  33  3:12  Overlord  
  33  3:19  Roach  
  35  3:20  Overlord  
  35  3:21  Overlord  
  35  3:24  Drone  
  36  3:28  Extractor  
  35  3:35  Drone x4  
  39  3:42  Metabolic Boost  
  39  3:48  Drone x3  
  42  3:59  Drone x4  
  46  4:08  Evolution Chamber  
  45  4:14  Roach  
  45  4:15  Roach x2  
  51  4:17  Roach  
  51  4:23  Roach x2  
  57  4:29  Spine Crawler  
  56  4:31  Roach  
  56  4:32  Roach  
  60  4:44  Roach  
  59  4:48  Overlord  
  59  4:51  Roach  
  59  4:52  Roach x2  
  59  5:06  Queen  
  61  5:12  Roach x3  
  61  5:13  Overlord  
  61  5:14  Overlord  
  67  5:16  Ravager  
  68  5:29  Extractor  
  68  5:31  Zergling x2, Extractor  
  68  5:32  Zergling x8  
  68  5:34  Zergling x2  
  72  5:38  Ravager  
  72  5:40  Ravager  
  74  5:45  Drone x2  
  76  5:52  Roach  
  78  5:58  Roach  
  78  6:01  Roach  
  82  6:04  Roach  
  82  6:06  Overlord x2  
  84  6:13  Overlord  
  84  6:31  Roach x5  
  93  6:35  Roach x3  
  93  6:39  Roach  
  95  6:40  Burrow  
  95  6:41  Zergling x2  
  95  6:45  Zergling x2  
  86  6:52  Roach  
  84  6:57  Roach  
  82  7:03  Zergling x2  
  82  7:06  Zergling x2  
  62  7:19  Roach  
  62  7:20  Roach  
  64  7:24  Roach  
  64  7:34  Roach  
  66  7:40  Roach x2  
  66  7:42  Zergling x2  
  71  7:48  Roach x2  
  71  7:49  Roach x2  
  77  7:56  Roach x2  
  79  8:00  Roach  
  79  8:03  Hatchery  
  80  8:06  Roach  
Tags
 
Add a new tag
Caveats
  • Supply blocks, unpowered buildings, or Contaminate may cause inaccurate times.
  • Supply counts are checked every 10 seconds.